 Dungeon Crawl Stone Soup version 0.30-a0-760-g5a9884bb7c (webtiles) character file.

Game seed: 5204029516975947426

49 Conn the Firebug (level 3, 0/21 HPs)
             Began as an Octopode Fire Elementalist on Feb 11, 2023.
             Slain by an adder (2 damage)
             ... on level 2 of the Dungeon.
             The game lasted 00:03:36 (993 turns).

Conn the Firebug (Octopode Fire Elementalist)        Turns: 993, Time: 00:03:37

Health: 0/21       AC:  1    Str:  7    XL:     3   Next: 77%
Magic:  3/7        EV: 13    Int: 19    God:
Gold:   34         SH:  0    Dex: 12    Spells: 2/7 levels left

rFire   . . .      SeeInvis .    e - +2 dagger (holy)
rCold   . . .      Faith    .    (no shield)
rNeg    . . .      Spirit   .    (helmet restricted)
rPois   .          Reflect  .    (no amulet)
rElec   .          Harm     .    (no ring)
rCorr   .          Rampage  .    (no ring)
Will    .....                    (no ring)
Stlth   +++                      (no ring)
HPRegen 0.23/turn                (no ring)
MPRegen 0.10/turn                (no ring)
                                 (no ring)
                                 (no ring)

@: very slightly contaminated
A: almost no armour, amphibious, 8 rings, camouflage 1, gelatinous body 1,
(nimble swimmer 1), tentacles
a: no special abilities


You were on level 2 of the Dungeon.
You visited 1 branch of the dungeon, and saw 3 of its levels.

You collected 34 gold pieces.

Inventory:

Hand Weapons
 b - a +0 short sword
 e - a +2 dagger of holy wrath (weapon)
Potions
 a - a potion of magic
 c - a potion of brilliance


   Skills:
 + Level 0.1 Short Blades
 + Level 2.3 Dodging
 + Level 3.0 Stealth
 * Level 2.6 Spellcasting
 + Level 1.5 Conjurations
 + Level 3.4 Fire Magic


You had 2 spell levels left.
You knew the following spells:

 Your Spells              Type           Power      Damage    Failure   Level
a - Foxfire               Conj/Fire      48%        2x1d6     5%          1
c - Blink                 Tloc           4%         N/A       24%         2
e - Scorch                Fire           30%        2d7       6%          2

Your spell library contained the following spells:

 Spells                   Type           Power      Damage    Failure   Level
 Inner Flame              Hex/Fire       9%         N/A       24%         3
 Kindle Blastsparks       Fire/Tloc/Air  12%        2d11      30%         3
 Flame Wave               Conj/Fire      12%        2d6       50%         4
 Manifold Assault         Tloc           2%         N/A       83%         4
 Storm Form               Tmut/Air       1%         N/A       100%        7


Dungeon Overview and Level Annotations

Branches:
Dungeon (3/15)

Altars:

Shops:
D:1 ?

Annotations:
D:3 Grinder


Innate Abilities, Weirdness & Mutations

You cannot wear most types of armour.
You are amphibious.
You can wear up to eight rings at the same time.
Your skin changes colour to match your surroundings (Stealth+).
Your rubbery body absorbs attacks. (AC +1, EV +1)
((You are camouflaged when in or above water. (Stealth+)))
You have tentacles for arms and can constrict up to eight enemies at once.


Message History

It was a potion of curing.
You feel better. The quokka closely misses you. The adder bites you.
The adder closely misses you. The quokka closely misses you.
You aren't carrying any scrolls.
Unknown command.
Unknown command.
The adder bites you but does no damage. The adder closely misses you.
The quokka barely misses you.
You climb downwards.
Level annotation: Grinder Grinder shouts!
The kobold shouts!
Grinder blinks!
There is a stone staircase leading up here.
You aren't carrying any scrolls.
Okay, then.
Unknown command.
Unknown command.
Casting: Foxfire (safe; 5% risk of failure)
Confirm with . or Enter, or press ? or * to list all spells.
You miscast Scorch.
You are very lightly contaminated with residual magic.
Nothing appears to happen.
The adder bites you. The quokka bites you.
* * * LOW HITPOINT WARNING * * *
The adder misses you.
Okay, then.
You aren't carrying any scrolls.
Unknown command.
Unknown command.
The quokka closely misses you. The adder closely misses you.
You climb upwards.
The dart slug launches a dart at you. The slug dart hits you.
* * * LOW HITPOINT WARNING * * *
There is a stone staircase leading down, spattered with blood here.
Casting: Scorch (safe; 6% risk of failure)
Confirm with . or Enter, or press ? or * to list all spells.
You miscast Scorch.
Nothing appears to happen.
The quokka bites you.
* * * LOW HITPOINT WARNING * * *
The adder bites you.
You die...

#. .###.
#.##.... #.
#....?. ...
#..#.. ...w
#..#.#.....
#..#.......
###..........
#.r.S..w..##.
#..@.........
#............
#<....##.###.
#......#.#
#......# #
#......#
######...
.... ...


You could see an adder, a dart slug and a quokka.

Vanquished Creatures
  2 dart slugs (D:1)
  4 endoplasms (D:1)
  2 giant cockroaches (D:1)
  5 goblins (D:1)
  7 hobgoblins
  4 jackals (D:1)
  4 kobolds (D:1)
  4 ball pythons (D:1)
  2 bats (D:1)
  3 rats (D:1)
37 creatures vanquished.

Vanquished Creatures (others)
  92 foxfires (D:1)
92 creatures vanquished.

Grand Total: 129 creatures vanquished

Notes
Turn   | Place    | Note
-------+----------+-------------------------------------------
     0 | D:1      | Conn the Octopode Fire Elementalist began the quest for the
                  | Orb.
     0 | D:1      | Reached XP level 1. HP: 11/11 MP: 3/3
   124 | D:1      | Reached XP level 2. HP: 17/17 MP: 0/5
   260 | D:1      | Found a faded altar of an unknown god.
   406 | D:1      | Found Xuxzu's Magic Scroll Boutique.
   422 | D:1      | Reached XP level 3. HP: 21/21 MP: 0/6
   959 | D:1      | Learned a level 2 spell: Scorch
   962 | D:1      | Learned a level 2 spell: Blink
   982 | D:3      | Noticed Grinder
   993 | D:2      | Slain by an adder

Illustrated notes

Levels and vault maps discovered:
D:1:      amcnicky_arrival_feature_with_door, layout_rooms, serial_shops,
          nicolae_shop_trees, hellmonk_ecumenical_altar_run_dry
D:2:      layout_rooms, uniq_robin
D:3:      layout_loops_ring, old_standard_altar, bloody_makhleb, uniq_grinder

Skill      XL: |  1  2  3 |
---------------+----------+-----
Stealth        | 3 |  3.0
Short Blades   | |  0.1
Dodging        | |  2.3
Spellcasting   | |  2.6
Conjurations   | |  1.5
Fire Magic     | |  3.4

Action                     || total
---------------------------++-------
  Melee: Unarmed           ||     5
         Constrict         ||    10
         Short sword       ||    15
         Tentacles         ||    12
         Dagger            ||    21
   Cast: Foxfire           ||    53
    Use: Scroll            ||     1
         Potion            ||     1
   Stab: Sleeping          ||     1
 Armour: Skin              ||     6
  Dodge: Dodged            ||    49

Table legend: (Time is in decaauts)
 A = Elapsed time spent in this place.
 B = Non-inter-level travel time spent in this place.
 C = Inter-level travel time spent in this place.
 D = Time resting spent in this place.
 E = Time spent auto-exploring this place.
 F = Levels seen in this place.
 G = Mean time per level.
                   A        B        C        D        E       F      G
               +--------+--------+--------+--------+--------+-----+--------+
         Total |    992 |    985 |      7 |      0 |    681 |   3 |  330.7 |
       Dungeon |    992 |    985 |      7 |      0 |    681 |   3 |  330.7 |
               +--------+--------+--------+--------+--------+-----+--------+

Top non-repeatable levels by time:
     D:1: 970 daAuts
     D:2: 15 daAuts
     D:3: 6 daAuts
